 Dungeon Crawl Stone Soup version 0.26-a0-1058-g8dc6ce00ff (webtiles) character file.

Game seed: 13055081743869749608

364 Delamore the Shield-Bearer (level 6, -4/40 HPs)
             Began as a Gargoyle Fighter on Dec 13, 2020.
             Killed by divine providence
             ... invoked by an orc priest
              (12 damage)
             ... on level 4 of the Dungeon.
             The game lasted 00:03:04 (2526 turns).

Delamore the Shield-Bearer (Gargoyle Fighter)       Turns: 2526, Time: 00:03:04

Health: -4/40      AC: 11    Str: 22    XL:     6   Next: 67%
Magic:  6/6        EV: 22    Int:  8    God:
Gold:   229        SH: 10    Dex: 15    Spells: 5/5 levels left

rFire    . . .     SeeInvis +   r - +3 whip
rCold    . . .     Faith    .   c - +0 kite shield
rNeg     + . .     Spirit   .   b - +0 scale mail
rPois    ∞         Reflect  .   (no helmet)
rElec    +         Harm     .   t - -1 cloak (curse)
rCorr    .         Rampage  .   (no gloves)
Will     .....                  (no boots)
Stlth    ..........             j - amulet of the acrobat
HPRegen  0.13/turn              s - ring of see invisible
MPRegen  0.10/turn              w - +6 ring of dexterity

@: acrobat
A: negative energy resistance 1, electricity resistance, unbreathing,
petrification resistance, rot immunity, AC +4
a: no special abilities


You were on level 4 of the Dungeon.
You visited 1 branch of the dungeon, and saw 4 of its levels.

You collected 229 gold pieces.

Inventory:

Hand Weapons
 a - a +0 flail
 r - a +3 whip (weapon)
Armour
 b - a +0 scale mail (worn)
 c - a +0 kite shield (worn)
 h - a +0 crystal plate armour
 t - a cursed -1 cloak (worn)
Jewellery
 e - an uncursed ring of poison resistance
 j - an amulet of the acrobat (around neck)
 s - a ring of see invisible (left hand)
 w - a +6 ring of dexterity (right hand)
Wands
 u - a wand of flame (12)
Scrolls
 f - 5 scrolls of enchant weapon {unknown}
 g - 2 scrolls of amnesia {unknown}
 i - 2 scrolls of magic mapping {unknown}
 k - 3 scrolls of identify {unknown}
 o - a scroll of fear {unknown}
 q - a scroll of immolation {unknown}
 v - a scroll of blinking {unknown}
Potions
 d - a potion of might
 l - a potion of curing {unknown}
 m - a potion of brilliance {unknown}
 n - a potion of heal wounds {unknown}
 p - a potion of degeneration {unknown}


   Skills:
 - Level 5.0 Fighting
 + Level 4.8 Maces & Flails
 - Level 3.2 Armour
 - Level 5.0 Shields


You had 5 spell levels left.
You didn't know any spells.
Your spell library contained the following spells:

 Spells                   Type           Power        Failure   Level
 Magic Dart               Conj           #...         99%         1
 Blink                    Tloc           N/A          99%         2
 Call Imp                 Summ           #.......     99%         2
 Slow                     Hex            #.......     99%         2
 Conjure Flame            Conj/Fire      #.......     100%        3
 Mephitic Cloud           Conj/Pois/Air  #.......     100%        3


Dungeon Overview and Level Annotations

Branches:
Dungeon (4/15)
 Temple: D:4-7

Altars:
Gozag
Ru


Innate Abilities, Weirdness & Mutations

You are resistant to torment.
Your stone body is resilient. (AC +4)
You are immune to poison.
You resist negative energy. (rN+)
You are resistant to electric shocks. (rElec)
You can survive without breathing.
You are immune to petrification.
You are immune to rotting.


Message History

The orc priest looks braver for a moment.
You closely miss the orc priest. You block the orc priest's attack.
The orc priest hits you.
You hit the orc priest.
The orc priest is moderately wounded.
The orc priest mumbles some strange prayers to Beogh against you.
Beogh smites you!
* * * LOW HITPOINT WARNING * * *
The orc priest hits you but does no damage.
The orc priest looks braver for a moment.
You are too injured to fight recklessly!
You are too injured to fight recklessly!
You are too injured to fight recklessly!
You are too injured to fight recklessly!
The orc priest invokes the aid of Beogh against you.
Pain shoots through your body!
* * * LOW HITPOINT WARNING * * *
The orc priest calls down the wrath of Beogh upon you.
Beogh smites you!
You die...

#.># ##.# #....#. #.##
##.!...... ########..##
#......... #..........#
#.........
#..........#####.........
#..............#.........
#..........###).<........
#....).....####.@....#
#########.###...o.####..#
#.#...##o......# #.#.##
#.o....#.. #.# #....o...#
#.# .....Z.### ........o.
...#####.... ..## ....


You could see 3 orc priests, 2 orcs and a quokka skeleton.

Vanquished Creatures
  Edmund (D:4)
  A phantom (D:4)
  The ghost of qipq the Ducker, a weakling FeEE (D:3)
  A hound skeleton (D:4)
  4 adders
  2 oozes (D:1)
  A worm (D:2)
  2 dart slugs
  A leopard gecko (D:1)
  An orc (D:4)
  4 giant cockroaches
  9 goblins
  6 hobgoblins
  A ball python (D:3)
  8 bats
  5 frilled lizards
  11 kobolds
  7 rats
66 creatures vanquished.

Notes
Turn   | Place    | Note
-------+----------+-------------------------------------------
     0 | D:1      | Delamore the Gargoyle Fighter began the quest for the Orb.
     0 | D:1      | Reached XP level 1. HP: 14/14 MP: 1/1
   100 | D:1      | Reached XP level 2. HP: 19/19 MP: 2/2
   299 | D:1      | Reached XP level 3. HP: 24/24 MP: 3/3
   842 | D:2      | Reached XP level 4. HP: 27/29 MP: 4/4
  1369 | D:3      | Found a runed translucent gate.
  1369 | D:3      | Found a runed translucent gate.
  1369 | D:3      | Found a runed translucent gate.
  1383 | D:3      | Found a sacrificial altar of Ru.
  1739 | D:3      | Found an opulent altar of Gozag.
  1744 | D:3      | Noticed qipq's ghost (weakling FeEE)
  2175 | D:3      | Killed qipq's ghost
  2176 | D:3      | Reached XP level 5. HP: 34/34 MP: 5/5
  2357 | D:4      | Noticed a phantom
  2399 | D:4      | Killed a phantom
  2400 | D:4      | Reached skill level 5 in Shields
  2400 | D:4      | Reached XP level 6. HP: 35/40 MP: 6/6
  2496 | D:4      | Reached skill level 5 in Fighting
  2502 | D:4      | Noticed Edmund
  2517 | D:4      | Killed Edmund
  2526 | D:4      | Killed from afar by an orc priest

Illustrated notes

Levels and vault maps discovered:
D:1:      nicolae_arrival_memento_mori, layout_loops_cross
D:2:      layout_loops_ring
D:3:      layout_loops_corners, ebering_ghost_gozag,
          nicolae_ru_great_annihilating_truth
D:4:      layout_rooms, chequers_temple_overflow_minitemple,
          lemuel_temple_firewalk_b, uniq_edmund

Skill      XL: |  1  2  3  4  5  6 |
---------------+-------------------+-----
Fighting       | 4 5 |  5.0
Shields        | 4 5 |  5.0
Maces & Flails | 3 4 |  4.8
Armour         | |  3.2

Action                   |  1- 3 |  4- 6 || total
-------------------------+-------+-------++-------
Melee: Flail             |   120 |    73 ||   193
       Whip              |       |    72 ||    72
Evoke: Wand              |       |     3 ||     3
 Stab: Paralysed         |       |     1 ||     1
Armor: Scale mail        |    72 |    59 ||   131
Dodge: Dodged            |    53 |    41 ||    94
Block: Kite shield       |    65 |    75 ||   140

Table legend: (Time is in decaauts)
 A = Elapsed time spent in this place.
 B = Non-inter-level travel time spent in this place.
 C = Inter-level travel time spent in this place.
 D = Time resting spent in this place.
 E = Time spent auto-exploring this place.
 F = Levels seen in this place.
 G = Mean time per level.
                   A        B        C        D        E       F      G
               +--------+--------+--------+--------+--------+-----+--------+
         Total |   2589 |   2438 |    151 |      0 |   1892 |   4 |  647.2 |
       Dungeon |   2589 |   2438 |    151 |      0 |   1892 |   4 |  647.2 |
               +--------+--------+--------+--------+--------+-----+--------+

Top non-repeatable levels by time:
     D:3: 975 daAuts
     D:1: 740 daAuts
     D:2: 683 daAuts
     D:4: 190 daAuts
